 Dungeon Crawl Stone Soup version 0.29.0-4-gdea44cf6ec (webtiles) character file.

Game seed: 4470316076973468669

157 qw the Chopper (level 5, -1/30 HPs)
             Began as a Tengu Warper on Aug 28, 2022.
             Succumbed to a scorpion's poison
             ... on level 4 of the Dungeon.
             The game lasted 00:00:18 (3318 turns).

qw the Chopper (Tengu Warper)                       Turns: 3318, Time: 00:00:19

Health: -1/30      AC:  7    Str: 14    XL:     5   Next: 38%
Magic:  9/9        EV: 11    Int: 13    God:
Gold:   32         SH:  0    Dex: 13    Spells: 8/8 levels left

rFire   + . .      SeeInvis .   Y - +1 hand axe
rCold   . . .      Faith    .   (no shield)
rNeg    . . .      Spirit   .   n - +0 scale mail {rF+}
rPois   .          Reflect  .   (helmet restricted)
rElec   .          Harm     .   (no cloak)
rCorr   .          Rampage  .   m - +0 pair of gloves
Will    .....                   (boots unavailable)
Stlth   ..........              (no amulet)
HPRegen 0.10/turn               (no ring)
MPRegen 0.11/turn               (no ring)

@: lethally poisoned (-1 -> -11), lit by a corona, flying quickly and evasively,
glowing, quick
A: beak, talons 3, nimble flight
a: no special abilities


You were on level 4 of the Dungeon.
You visited 1 branch of the dungeon, and saw 4 of its levels.

You collected 197 gold pieces.
You spent 165 gold pieces at shops.


Innate Abilities, Weirdness & Mutations

You have a beak for a mouth.
You have claws for feet.
Your magical nature lets you fly swiftly and evasively.


   Skills:
 - Level 2.0 Fighting
 + Level 6.0 Axes
 - Level 1.0 Throwing
 - Level 1.1 Armour
 - Level 2.1 Dodging
 - Level 2.0 Spellcasting
 - Level 2.4 Translocations


You had 8 spell levels left.
You didn't know any spells.
Your spell library contained the following spells:

 Spells                   Type           Power      Damage    Failure   Level
 Blink                    Tloc           14%        N/A       54%         2
 Gell's Gravitas          Tloc           7%         N/A       77%         3
 Lesser Beckoning         Tloc           7%         N/A       77%         3
 Teleport Other           Tloc           7%         N/A       77%         3
 Manifold Assault         Tloc           7%         N/A       100%        5

Inventory:

Hand Weapons
 d - a +0 flail
 Y - a +1 hand axe (weapon)
Armour
 b - a +0 chain mail
 m - a +0 pair of gloves (worn)
 n - a +0 scale mail of fire resistance (worn)
Potions
 e - a potion of invisibility {unknown}
 f - a potion of haste {unknown}
 g - a potion of heal wounds {unknown}
 h - a potion of curing {unknown}
 i - a potion of resistance {unknown}
 l - a potion of attraction {unknown}

Dungeon Overview and Level Annotations

Branches:
Dungeon (4/15)
 Temple: D:4-7

Altars:
Ashenzari
Uskayaw

Shops:
D:3 ?[[

Annotations:
D:3 3 runed translucent doors, qw's ghost, amateur TeWr; qw's ghost, weakling TeWr
D:4 Dowan; Duvessa


Message History

Dowan is moderately wounded.
You hit Duvessa but do no damage. Duvessa misses you.
Dowan hits you but does no damage.
You closely miss Dowan. Your kick misses Dowan. Your peck misses Dowan.
Dowan is moderately wounded.
You hit Duvessa. Dowan casts a spell at you.
You are outlined in light.
Duvessa hits you with a +0 short sword!
3310 ||| READING scroll of teleportation.
As you read the scroll of teleportation, it crumbles to dust.
You feel strangely unstable. Duvessa hits you but does no damage.
Dowan hits you with a +0 dagger.
You hit Dowan. Your kick misses Dowan. Your peck misses Dowan.
Dowan is moderately wounded.
You hit Duvessa but do no damage. Duvessa hits you but does no damage.
Dowan hits you but does no damage.
You hit Dowan. Your kick misses Dowan.
Dowan is heavily wounded.
You closely miss Duvessa.
Your surroundings suddenly seem different.
A scorpion comes into view.
Found 17 gold pieces.
Enter note: You hit the scorpion but do no damage.
Your kick misses the scorpion. You peck the scorpion.
The scorpion is lightly wounded.
The scorpion stings you.
You hit the scorpion.
You peck the scorpion, but do no damage.
The scorpion is moderately wounded.
The scorpion stings you but does no damage.
You hit the scorpion but do no damage.
You claw the scorpion, but do no damage.
The scorpion is moderately wounded.
The scorpion stings you.
You are lethally poisoned!
The scorpion poisons you!
You hit the scorpion. You claw the scorpion. You peck the scorpion.
The scorpion is severely wounded.
You die...

#.#.........#
............. .. . #
.............##. .
.#
...<.....#......#.
.#
....#..##........#..
.................#.
......... #.......
.....#.## #......#
.....#.# #.....@#
....## #.....s#
....# .........
..... .#........
#..........
............
#............
#...$.........


You could see a scorpion.

Vanquished Creatures
  A hound (D:4)
  An iguana (D:3)
  3 adders (D:2)
  An ufetubus (D:3)
  A dart slug (D:2)
  2 orcs (D:3)
  6 ball pythons
  5 bats
  7 endoplasms
  2 giant cockroaches
  3 goblins
  7 hobgoblins
  3 jackals (D:3)
  3 kobolds
  3 quokkas
  10 frilled lizards (D:1)
  5 rats
63 creatures vanquished.

Vanquished Creatures (others)
  6 plants (D:1)
  6 withered plants (D:3)
12 creatures vanquished.

Grand Total: 75 creatures vanquished

Notes
Turn   | Place    | Note
-------+----------+-------------------------------------------
     0 | D:1      | qw the Tengu Warper began the quest for the Orb.
     0 | D:1      | Reached XP level 1. HP: 12/12 MP: 4/4
     0 | D:1      | 0 ||| qw: Version: 0.1-a-89-g26bdef1
     0 | D:1      | 0 ||| qw: Game counter: 2772
     0 | D:1      | 0 ||| qw: Always use a shield: true
     0 | D:1      | 0 ||| qw: God list: Okawaru
     0 | D:1      | 0 ||| qw: Allow faded altars: false
     0 | D:1      | 0 ||| qw: Do Orc after D:15 true
     0 | D:1      | 0 ||| qw: Do second Lair branch before Depths: true
     0 | D:1      | 0 ||| qw: Lair rune preference: random
     0 | D:1      | 0 ||| qw: Plans: Normal
     0 | D:1      | 0 ||| PLANNING D:1-11
    17 | D:1      | 17 ||| Stepping ~*~*~tactically~*~*~ (stealth).
    83 | D:1      | Found a faded altar of an unknown god.
    99 | D:1      | Reached skill level 3 in Axes
    99 | D:1      | Reached XP level 2. HP: 14/17 MP: 6/6
   314 | D:1      | 314 ||| Stepping ~*~*~tactically~*~*~ (stealth).
   316 | D:1      | 316 ||| Stepping ~*~*~tactically~*~*~ (stealth).
   318 | D:1      | 318 ||| Stepping ~*~*~tactically~*~*~ (stealth).
   320 | D:1      | 320 ||| Stepping ~*~*~tactically~*~*~ (stealth).
   324 | D:1      | 324 ||| Stepping ~*~*~tactically~*~*~ (stealth).
   326 | D:1      | 326 ||| Stepping ~*~*~tactically~*~*~ (stealth).
   521 | D:1      | Reached XP level 3. HP: 21/21 MP: 7/7
   710 | D:1      | 710 ||| READING scroll labelled LYOPRU VIAMPUI.
   711 | D:1      | 711 ||| READING scroll labelled FAKASEA COICK.
   840 | D:1      | 840 ||| DRINKING 2 bubbling grey potions.
   841 | D:1      | 841 ||| DROPPING scroll of blinking.
   842 | D:1      | 842 ||| DROPPING potion of brilliance.
   905 | D:2      | 905 ||| Stepping ~*~*~tactically~*~*~ (stealth).
   906 | D:2      | 906 ||| Stepping ~*~*~tactically~*~*~ (stealth).
   920 | D:2      | Reached skill level 4 in Axes
  1094 | D:2      | Found a hide-covered altar of Uskayaw.
  1294 | D:2      | Reached XP level 4. HP: 23/26 MP: 8/8
  1366 | D:2      | 1366 ||| FLEEEEING.
  1598 | D:2      | 1598 ||| UPGRADING to +0 pair of gloves.
  1603 | D:2      | 1603 ||| DROPPING ring of flight.
  1604 | D:2      | 1604 ||| READING scroll labelled SIXZUB RYUZI.
  1605 | D:2      | 1605 ||| READING scroll labelled IVIXUL SATS.
  1608 | D:2      | 1608 ||| READING 2 scrolls labelled QUGGIF ROLAYDGH.
  1609 | D:2      | 1609 ||| READING scroll labelled XOSAYS SIBU.
  1610 | D:2      | 1610 ||| READING 2 scrolls labelled YFREKK VAYRUFFA.
  1611 | D:2      | 1611 ||| READING scroll labelled HOBIEM ZUWOS.
  1612 | D:2      | 1612 ||| DROPPING scroll of butterflies.
  1613 | D:2      | 1613 ||| DROPPING scroll of poison.
  1614 | D:2      | 1614 ||| Stepping randomly (stuck).
  1615 | D:2      | 1615 ||| Stepping randomly (stuck).
  1616 | D:2      | 1616 ||| Stepping randomly (stuck).
  1617 | D:2      | 1617 ||| Stepping randomly (stuck).
  1618 | D:2      | 1618 ||| Stepping ~*~*~tactically~*~*~ (cloud).
  1626 | D:2      | HP: 6/26 [poisoned by you (poison gas)]
  1910 | D:3      | Noticed qw's ghost (weakling TeWr)
  1910 | D:3      | Noticed qw's ghost (amateur TeWr)
  1910 | D:3      | Found a runed translucent gate.
  1910 | D:3      | Found a runed translucent gate.
  1910 | D:3      | Found a runed translucent gate.
  2036 | D:3      | 2036 ||| Stepping ~*~*~tactically~*~*~ (stealth).
  2051 | D:3      | Found a broken altar of Ashenzari.
  2240 | D:3      | 2240 ||| Stepping ~*~*~tactically~*~*~ (stealth).
  2245 | D:3      | Reached skill level 5 in Axes
  2379 | D:3      | Found Lufenliv's Armour Emporium.
  2384 | D:3      | 2384 ||| Stepping ~*~*~tactically~*~*~ (stealth).
  2456 | D:3      | 2456 ||| BUYING +0 ring mail (44 gold).
  2456 | D:3      | Bought a +0 ring mail for 44 gold pieces
  2456 | D:3      | 2456 ||| BUYING +0 scale mail of fire resistance (121
                  | gold).
  2456 | D:3      | Bought a +0 scale mail of fire resistance for 121 gold
                  | pieces
  2456 | D:3      | 2456 ||| SHOPLISTING +2 plate armour of cold resistance
                  | (440 gold, have 8).
  2582 | D:3      | Found Imeidgh's Antique Armour Emporium.
  2601 | D:3      | 2601 ||| SHOPLISTING chain mail (81 gold, have 19).
  2601 | D:3      | 2601 ||| SHOPLISTING cloak (81 gold, have 19).
  2601 | D:3      | 2601 ||| SHOPLISTING runed scale mail (126 gold, have 19).
  2605 | D:3      | Found Plog's Magic Scroll Shop.
  2625 | D:3      | 2625 ||| SHOPLISTING 2 scrolls of teleportation (60 gold,
                  | have 19).
  2625 | D:3      | 2625 ||| SHOPLISTING scroll of identify (20 gold, have 19).
  2625 | D:3      | 2625 ||| SHOPLISTING scroll of teleportation (30 gold, have
                  | 19).
  2713 | D:3      | 2713 ||| UPGRADING to +0 ring mail.
  2723 | D:3      | 2723 ||| DROPPING +0 leather armour.
  2724 | D:3      | 2724 ||| UPGRADING to +0 scale mail of fire resistance.
  2734 | D:3      | 2734 ||| DROPPING +0 ring mail.
  2735 | D:3      | 2735 ||| READING scroll labelled ARGHEE QOUCWO.
  2762 | D:4      | 2762 ||| STAIRDANCE
  2865 | D:4      | 2865 ||| STAIRDANCE
  3064 | D:4      | 3064 ||| STAIRDANCE
  3074 | D:3      | Gained mutation: Your magical nature lets you fly swiftly
                  | and evasively. [Tengu growth]
  3074 | D:3      | Reached XP level 5. HP: 20/30 MP: 9/9
  3293 | D:4      | 3293 ||| FLEEEEING.
  3294 | D:4      | 3294 ||| FLEEEEING.
  3295 | D:4      | 3295 ||| FLEEEEING.
  3295 | D:4      | Noticed Duvessa
  3296 | D:4      | 3296 ||| Stepping ~*~*~tactically~*~*~ (stealth).
  3297 | D:4      | 3297 ||| Stepping ~*~*~tactically~*~*~ (stealth).
  3298 | D:4      | 3298 ||| Stepping ~*~*~tactically~*~*~ (stealth).
  3302 | D:4      | Noticed Dowan
  3305 | D:4      | Reached skill level 6 in Axes
  3309 | D:4      | HP: 3/30 [Duvessa/+0 short sword (8)]
  3310 | D:4      | 3310 ||| READING scroll of teleportation.
  3315 | D:4      | HP: 1/30 [scorpion (1)]
  3318 | D:4      | Succumbed to a scorpion's poison

Levels and vault maps discovered:
D:1:      minmay_arrival_cross, layout_rooms,
          chequers_ecumenical_altar_simple_redux, minmay_lizard_king
D:2:      layout_rooms, basic_altar
D:3:      layout_loops_ring, ashenzari_conservatory_becter, serial_shops, shop,
          shop, shop, gammafunk_ghost_cemetery
D:4:      layout_rooms, ebering_ghost_gozag, uniq_duvessa, uniq_eustachio

Skill      XL: |  1  2  3  4  5 |
---------------+----------------+-----
Axes           | 3 4 5 6 |  6.0
Fighting       | |  2.0
Throwing       | |  1.0
Armour         | |  1.1
Dodging        | |  2.1
Spellcasting   | |  2.0
Translocations | |  2.4

Action                   |  1- 3 |  4- 6 || total
-------------------------+-------+-------++-------
Melee: Hand axe          |    68 |    78 ||   146
       Kick              |    10 |    21 ||    31
       Peck              |     5 |    14 ||    19
Throw: Boomerang         |     7 |       ||     7
       Javelin           |       |     7 ||     7
  Use: Scroll            |     2 |     8 ||    10
       Potion            |     1 |       ||     1
Armor: Leather armour    |    12 |     6 ||    18
       Scale mail        |       |    20 ||    20
Dodge: Dodged            |    44 |    46 ||    90

Table legend:
 A = Non-vault XP
 B = Vault XP
 C = Vault XP percentage of total XP
 D = Non-vault monster count
 E = Vault monster count
 F = Vault count percentage of total count
                 A         B        C        D         E       F
            +---------+---------+-------+---------+---------+-------
      Total |     215 |      10 |   4.4 |      53 |      10 |  15.9
            +---------+---------+-------+---------+---------+-------
        D:1 |      25 |      10 |  28.6 |      14 |      10 |  41.7
        D:2 |      62 |       0 |   0.0 |      15 |       0 |   0.0
        D:3 |      78 |       0 |   0.0 |      19 |       0 |   0.0
        D:4 |      50 |       0 |   0.0 |       5 |       0 |   0.0
            +---------+---------+-------+---------+---------+-------
